 Dungeon Crawl Stone Soup version 0.30-b1-2-g02819fbbbe (webtiles) character file.

Game seed: 13741529445647793180

7027 Arcadio the Protected (level 10, -5/97 HPs)
             Began as a Minotaur Fighter on May 12, 2023.
             Was a Believer of Uskayaw.
             Slain by an orc warrior
             ... wielding a +0 glaive
             ... led by an orc high priest
              (7 damage)
             ... on level 10 of the Dungeon.
             The game lasted 00:13:48 (9168 turns).

Arcadio the Protected (Minotaur Fighter)            Turns: 9168, Time: 00:13:48

Health: -5/97      AC: 12    Str: 25    XL:     10   Next: 82%
Magic:  9/9        EV: 10    Int:  5    God:    Uskayaw [**....]
Gold:   510        SH:  5    Dex: 10    Spells: 9/9 levels left

rFire   . . .        B - +0 war axe
rCold   . . .        c - +0 buckler
rNeg    . . .        x - +3 ring mail
rPois   .            (helmet restricted)
rElec   .            (no cloak)
rCorr   +            n - +0 pair of gloves
SInv    .            (no boots)
Will    +....        l - amulet of the acrobat Stlth
                     f - ring of resist corrosion
HPRegen 0.36/turn    t - ring of willpower
MPRegen 0.11/turn

%: acrobat
@: brilliant, attractive, flying
A: horns 2, retaliatory headbutt
a: Renounce Religion, Stomp, Line Pass


You were on level 10 of the Dungeon.
You worshipped Uskayaw.
Uskayaw was noncommittal.
You visited 3 branches of the dungeon, and saw 12 of its levels.

You collected 510 gold pieces.

Inventory:

Hand Weapons
 B - a +0 war axe (weapon)
 I - a +1 vampiric hand axe
 M - a +0 morningstar
Armour
 c - a +0 buckler (worn)
 n - a +0 pair of gloves (worn)
 x - a +3 ring mail (worn)
Jewellery
 f - a ring of resist corrosion (left hand)
 l - an amulet of the acrobat (around neck)
 t - a ring of willpower (right hand)
 u - an amulet of reflection
Wands
 m - a wand of light (9)
 G - a wand of digging (2)
 J - a wand of mindburst (21)
 K - a wand of iceblast (9)
 L - a wand of paralysis (16)
 N - a wand of flame (8)
Scrolls
 e - 7 scrolls of teleportation
 h - 2 scrolls of silence
 q - 2 scrolls of immolation
 r - a scroll of identify
 s - a scroll of poison {unknown}
 w - a scroll of enchant armour {unknown}
 y - a scroll of magic mapping {unknown}
 z - 2 scrolls of butterflies
 C - 2 scrolls of enchant weapon
 D - a scroll of fear {unknown}
 H - a scroll of noise {unknown}
Potions
 d - 2 potions of might
 g - a potion of brilliance
 i - 2 potions of resistance
 j - 2 potions of mutation
 p - 2 potions of magic
 v - 3 potions of curing
 A - 2 potions of haste


   Skills:
 + Level 11.8 Fighting
 + Level 11.5 Axes
 + Level 11.9 Armour
 - Level 5.3 Shields


You had 9 spell levels left.
You didn't know any spells.
Your spell library contained the following spells:

 Spells                   Type           Power      Damage    Failure   Level
 Apportation              Tloc           0%         N/A       65%         1
 Necrotise                Necr           0%         1d4       65%         1
 Summon Small Mammal      Summ           0%         N/A       65%         1
 Cigotuvi's Dreadful Rot  Necr/Pois/Air  0%         N/A       78%         2
 Hailstorm                Conj/Ice       0%         3d3       95%         3
 Inner Flame              Hex/Fire       0%         N/A       95%         3
 Ozocubu's Armour         Ice            0%         N/A       95%         3
 Vampiric Draining        Necr           0%         2d6       95%         3
 Vhi's Electric Charge    Tloc/Air       0%         N/A       95%         3
 Dispel Undead            Necr           0%         3d6       100%        4
 Ice Form                 Ice/Tmut       0%         N/A       100%        4
 Agony                    Necr           0%         N/A       100%        5
 Arcjolt                  Conj/Air       0%         1d10      100%        5
 Death Channel            Necr           0%         N/A       100%        6
 Simulacrum               Ice/Necr       0%         N/A       100%        6
 Maxwell's Capacitive Co  Air            0%         ∞         100%        8
 Fire Storm               Conj/Fire      0%         5d1       100%        9


Dungeon Overview and Level Annotations

Branches:
Dungeon (10/15) Zot: 26265  Temple (1/1) D:6 Zot: 5870     Orc (1/2) D:10 Zot: 5964
   Lair: D:8-11

Altars:
Ashenzari
Cheibriados
Dithmenos
Fedhas
Gozag
Hepliaklqana
Makhleb
Nemelex Xobeh
Okawaru
Qazlal
Sif Muna
Uskayaw
Vehumet
Xom
Yredelemnul
Zin
The Shining One

Shops:
D:4 =

Annotations:
D:3 2 transporters, Rye's ghost, amateur HuBe


Innate Abilities, Weirdness & Mutations

You have a pair of horns on your head.
You reflexively headbutt those who attack you in melee.


Message History

The orc warrior hits you with a +0 halberd.
The orc warrior hits you with a +0 glaive!!
You slash the orc warrior! Your headbutt misses the orc warrior.
The orc warrior is moderately wounded.
You hit the orc warrior but do no damage.
The orc warrior completely misses you. You block the orc warrior's attack.
You closely miss the orc warrior. You headbutt the orc warrior!
The orc warrior is severely wounded.
You hit the orc warrior.
The orc warrior hits you with a +0 halberd!
The orc warrior hits you with a +0 glaive!
* * * LOW HITPOINT WARNING * * *
You can now pass through a line of other dancers.
You feel better.
The orc warrior hits you with a +0 halberd.
The orc warrior hits you with a +0 glaive.
It was a potion of brilliance.
You feel clever all of a sudden. You block the orc warrior's attack.
The orc warrior closely misses you.
It was a potion of attraction.
You feel attractive to monsters. The orc warrior barely misses you. x2
It was a potion of flight.
You feel very buoyant.
You fly up into the air.
The orc warrior closely misses you. You block the orc warrior's attack.
You slash the orc warrior!
The orc warrior is almost dead.
You hit the orc warrior but do no damage.
The orc warrior hits you with a +0 glaive!
* * * LOW HITPOINT WARNING * * *
The orc warrior hits you with a +0 halberd.
* * * LOW HITPOINT WARNING * * *
You closely miss the orc warrior.
The orc warrior is almost dead.
You slice the orc warrior!!
The orc warrior hits you with a +0 halberd.
* * * LOW HITPOINT WARNING * * *
The orc warrior hits you with a +0 glaive!
You die...

######..#
#...<#..#
#.####..#
#....[..#
##...[..#
#.####[#
#.# #.# #.#
#o# #.# #@#
~.# #o#
≈≈≈≈≈≈≈.#
≈≈≈≈≈≈≈≈≈
≈≈≈≈≈≈≈≈≈≈
≈≈≈≈≈≈~~≈≈#
~#≈##~.~≈##
#. .....# D
......#


You could see 2 orc warriors.

Vanquished Creatures
  A two-headed ogre (D:8)
  Pikel (D:7)
  Joseph (D:9)
  A troll (D:9)
  A hornet (D:9)
  A vampire (D:9)
  3 wraiths
  A yak (D:8)
  A steam dragon (D:10)
  A wyvern (D:7)
  2 water moccasins
  3 acid dragons
  Duvessa (D:7)
  7 orc warriors
  3 ice beasts
  3 sky beasts
  2 ogres
  3 centaurs
  3 phantoms (D:5)
  6 bullfrogs
  A kobold brigand (D:8)
  3 scorpions
  3 wights
  Dowan (D:7)
  3 killer bees (D:8)
  2 howler monkeys
  2 electric eels (D:10)
  A hound (D:5)
  A jelly (D:8)
  5 orc priests
  3 iguanas
  2 sleepcaps
  6 orc wizards
  7 gnolls (D:5)
  9 adders
  5 white imps
  2 worms
  3 dart slugs
  23 orcs
  3 ball pythons
  2 endoplasms
  3 giant cockroaches
  6 goblins
  3 hobgoblins
  5 kobolds
  2 quokkas
  3 bats (D:1)
  6 frilled lizards
  3 rats
163 creatures vanquished.

Notes
Turn   | Place    | Note
-------+----------+-------------------------------------------
     0 | D:1      | Arcadio the Minotaur Fighter began the quest for the Orb.
     0 | D:1      | Reached XP level 1. HP: 19/19 MP: 0/0
   699 | D:2      | Reached XP level 2. HP: 27/27 MP: 1/1
  1530 | D:3      | Reached XP level 3. HP: 32/33 MP: 2/2
  1589 | D:3      | Found a transporter.
  1605 | D:3      | Found a transporter.
  1789 | D:3      | Got the Compendium of Rime and Embers
  1976 | D:3      | Noticed Rye's ghost (amateur HuBe)
  2362 | D:4      | Reached XP level 4. HP: 40/40 MP: 3/3
  2377 | D:4      | Noticed a scorpion
  2391 | D:4      | Killed a scorpion
  2405 | D:4      | Noticed a centaur
  2415 | D:4      | Killed a centaur
  2416 | D:4      | Reached skill level 5 in Shields
  2416 | D:4      | Reached XP level 5. HP: 34/47 MP: 4/4
  2589 | D:4      | Reached skill level 5 in Fighting
  2589 | D:4      | Reached skill level 5 in Armour
  2628 | D:4      | Reached XP level 6. HP: 44/56 MP: 5/5
  2819 | D:4      | Found a blossoming altar of Fedhas.
  2821 | D:4      | Found a broken altar of Ashenzari.
  2823 | D:4      | Found a shadowy altar of Dithmenos.
  2823 | D:4      | Found a stormy altar of Qazlal.
  2940 | D:4      | Found Gepp's Jewellery Shop.
  3209 | D:5      | Entered Level 5 of the Dungeon
  3316 | D:5      | Reached skill level 5 in Axes
  3328 | D:5      | Reached XP level 7. HP: 56/62 MP: 6/6
  3875 | D:6      | Found a staircase to the Ecumenical Temple.
  3884 | Temple   | Entered the Ecumenical Temple
  3889 | Temple   | Reached XP level 8. HP: 58/73 MP: 7/7
  3998 | Temple   | Became a worshipper of Uskayaw the Reveller
  4013 | D:6      | Reached * piety under Uskayaw
  4017 | D:6      | Reached ** piety under Uskayaw
  4199 | D:6      | Reached *** piety under Uskayaw
  4209 | D:6      | Reached **** piety under Uskayaw
  4858 | D:6      | Found an opulent altar of Gozag.
  4860 | D:6      | Found a snail-covered altar of Cheibriados.
  5043 | D:7      | Reached XP level 9. HP: 80/82 MP: 8/8
  5695 | D:7      | Noticed Pikel
  5695 | D:7      | Noticed Duvessa
  5697 | D:7      | Noticed Dowan
  5710 | D:7      | Killed Pikel
  5713 | D:7      | Killed Duvessa
  5722 | D:7      | Killed Dowan
  6101 | D:8      | Noticed a two-headed ogre
  6103 | D:8      | Reached skill level 10 in Fighting
  6103 | D:8      | Reached skill level 10 in Armour
  6168 | D:8      | Identified the +10 spear "Lorem Ipsum" {antimagic, *Slow
                  | rElec rN+}
  6346 | D:8      | Killed a two-headed ogre
  6347 | D:8      | Reached skill level 10 in Axes
  6347 | D:8      | Reached XP level 10. HP: 94/94 MP: 9/9
  7089 | D:9      | Paralysed by a hornet for 1 turns
  7439 | D:9      | Reached ***** piety under Uskayaw
  7452 | D:9      | HP: 4/95 [something (6)]
  7580 | D:9      | Found a flagged portal.
  8068 | D:9      | Noticed Joseph
  8087 | D:9      | Killed Joseph
  8398 | D:10     | Entered Level 10 of the Dungeon
  8408 | D:10     | Found a staircase to the Orcish Mines.
  8705 | Orc:1    | Entered Level 1 of the Orcish Mines
  8706 | Orc:1    | Noticed an orc high priest
  9168 | D:10     | HP: 2/97 [orc warrior/+0 halberd[an orc high priest] (4)]
  9168 | D:10     | Slain by an orc warrior

Illustrated notes

Levels and vault maps discovered:
D:1:      lemuel_arrival_muddy, layout_basic
D:2:      layout_loops_ring
D:3:      layout_basic, gammafunk_ghost_stat_death, minmay_unequal
D:4:      layout_loops_ring, mainiacjoe_overflow_alcove_3, serial_shops,
          nicolae_shop_waterfront, minmay_misc_feat_square, kennysheep_diamond,
          minmay_fractal_squares_5
D:5:      layout_basic
D:6:      layout_cave_pools, minitemple, minmay_temple_entry_mini_moons
D:7:      layout_loops_corners, uniq_duvessa, uniq_pikel
D:8:      hangedman_cross_stitches, layout_loops_ring,
          nicolae_straight_to_the_point
D:9:      layout_small_grid, enter_bailey_6, minivault_20, uniq_joseph
D:10:     layout_basic, erik_lair_orcish_takeover,
          nicolae_trove_entry_path_of_doom, uniq_snorg, uniq_maurice
Temple:   nicolae_temple_bog_church
Orc:1:    layout_caves, ebering_ghost_xom

Skill      XL: |  1  2  3  4  5  6  7  8  9 10 |
---------------+-------------------------------+-----
Armour         | 4 5 7 8 10 11 | 11.9
Fighting       | 4 5 7 8 10 11 | 11.8
Shields        | 4 5 |  5.3
Axes           | 3 4 5 6 8 10 11 | 11.5

Action                     |  1- 3 |  4- 6 |  7- 9 | 10-12 || total
---------------------------+-------+-------+-------+-------++-------
  Melee: War axe           |    64 |    60 |    71 |    59 ||   254
         Headbutt          |     4 |    17 |    56 |    42 ||   119
         Hand axe          |       |       |   201 |   110 ||   311
 Invoke: Stomp             |       |       |       |     1 ||     1
  Evoke: Wand              |       |       |     1 |       ||     1
    Use: Scroll            |       |       |     7 |     4 ||    11
         Potion            |       |       |       |    12 ||    12
   Stab: Paralysed         |       |       |     9 |     9 ||    18
 Armour: Scale mail        |    10 |       |       |       ||    10
         Chain mail        |    24 |    10 |   116 |    65 ||   215
         Ring mail         |       |    12 |       |    21 ||    33
  Dodge: Dodged            |    33 |    34 |   119 |    94 ||   280
  Block: Buckler           |    14 |    20 |    64 |    40 ||   138
